 Dungeon Crawl Stone Soup version 0.17-a0-1838-g891d947 (webtiles) character file.

109 splatsma the Poker (level 4, 0/29 HPs)
             Began as a Tengu Chaos Knight on Sept 15, 2015.
             Slain by a goblin
             ... wielding a +0 dagger
              (3 damage)
             ... on level 3 of the Dungeon.
             The game lasted 00:20:43 (2482 turns).

splatsma the Poker (Tengu Chaos Knight)             Turns: 2482, Time: 00:20:44

Health: 0/29       AC:  6    Str: 14    XL:     4   Next: 90%
Magic:  5/5        EV: 10    Int: 14    God:    Xom [..*...]
Gold:   67         SH:  0    Dex: 13    Spells: 0 memorised, 3 levels left

rFire  . . .     SeeInvis .     j - +2 dagger (venom)
rCold  . . .     Clarity  +     h - +0 scale mail
rNeg   . . .     SustAt   .     (no shield)
rPois  .         Gourm    .     (helmet restricted)
rElec  .         Spirit   .     (no cloak)
rCorr  .         Warding  .     (no gloves)
rMut   .         Stasis   .     (boots unavailable)
MR     .....                    (no amulet)
Stlth  ..........               (no ring)
                                (no ring)

@: not resistant to hostile enchantments, extremely unstealthy
A: beak, talons 3, clarity, clever 1, wild magic 1
a: Renounce Religion


You were on level 3 of the Dungeon.
You worshipped Xom.
You were a toy of Xom.
You were not hungry.

You visited 1 branch of the dungeon, and saw 3 of its levels.

You collected 67 gold pieces.

Inventory:

Hand weapons
 a - a +0 spear of chaos
 g - a +0 flail of protection
 j - a +2 dagger of venom (weapon)
Armour
 b - a +2 leather armour
 h - a +0 scale mail (worn)
Scrolls
 e - a scroll of identify
Potions
 i - a potion of poison
Comestibles
 d - 3 bread rations
 f - a meat ration


   Skills:
 + Level 3.9 Fighting
 + Level 4.1 Polearms
 + Level 0.2 Throwing
 + Level 2.9 Armour
 + Level 2.5 Dodging
 + Level 0.2 Stealth


You had 3 spell levels left.
You didn't know any spells.

Dungeon Overview and Level Annotations

Branches:
Dungeon (3/15)

Altars:

Annotations:
D:3 Ijyb


Innate Abilities, Weirdness & Mutations

You have a beak for a mouth.
You have claws for feet.
You possess an exceptional clarity of mind.
Your mind is acute. (Int +2)
Your spells are a little harder to cast, but a little more powerful.


Message History

Ijyb hits you.
* * * LOW HITPOINT WARNING * * *
The goblin completely misses you. The goblin hits you but does no damage.
Your scale mail prevents you from hitting Ijyb.
Your kick misses Ijyb.
Ijyb is moderately wounded.
Ijyb hits you but does no damage. The goblin closely misses you.
The goblin hits you but does no damage.
You hit Ijyb but do no damage.
Ijyb looks even sicker.
Your kick misses Ijyb.
Ijyb is moderately wounded.
Ijyb hits you but does no damage. The goblin hits you with a dagger.
* * * LOW HITPOINT WARNING * * *
The goblin misses you.
A goblin comes into view. It is wielding a club.
You closely miss Ijyb. Your peck misses Ijyb.
Ijyb is heavily wounded.
Ijyb hits you.
* * * LOW HITPOINT WARNING * * *
The goblin hits you with a dagger.
You die...

.###.#.## ##.......##
#.....# .###.#.#
##..(..## #####.#
.......# ##...## #.#
####.### ##'## #.#
#.######### #.# #.#
#.#.......# #.#######
#.#
#.#.#####.###.g......
#.# #.#.#
#.##ggg...... #.#
#.#.#####.#..@#8.....
#.# #.......#.##..#
..... #.#
###.......##.)# ....
####.# #####.####..#
.g. #....# #.......#
g. ###### ######..# .
#..# #..# ##.#


You could see Ijyb and 3 goblins.

Vanquished Creatures
  Terence (D:2)
  An adder (D:3)
  An ooze (D:1)
  A worm (D:3)
  A giant gecko (D:2)
  A bat (D:1)
  4 giant cockroaches
  5 goblins
  11 hobgoblins
  11 jackals
  7 kobolds
  A quokka (D:2)
  2 giant newts
  19 rats
66 creatures vanquished.

Vanquished Creatures (others)
  A giant cockroach (D:3)
1 creature vanquished.

Grand Total: 67 creatures vanquished

Notes
Turn   | Place    | Note
--------------------------------------------------------------
     0 | D:1      | splatsma the Tengu Chaos Knight began the quest for the Orb.
     0 | D:1      | Reached XP level 1. HP: 14/14 MP: 2/2
    51 | D:1      | Reached XP level 2. HP: 10/19 MP: 3/3
   318 | D:1      | XOM: divination: magic mapping
   410 | D:1      | Reached XP level 3. HP: 21/23 MP: 4/4
   544 | D:1      | Reached skill level 4 in Polearms
   949 | D:1      | XOM: silly message
  1593 | D:2      | Found a faded altar to an unknown god.
  1599 | D:2      | Noticed Terence
  1608 | D:2      | XOM: silly message
  1612 | D:2      | Killed Terence
  1612 | D:2      | Reached XP level 4. HP: 12/29 MP: 5/5
  1643 | D:2      | XOM: divination: magic mapping
  1831 | D:2      | XOM: harmless Fire miscast
  2252 | D:3      | Gained mutation: Your spells are a little harder to cast, but a little more powerful. [potion of mutation]
  2252 | D:3      | Gained mutation: Your mind is acute. (Int +2) [potion of mutation]
  2252 | D:3      | Gained mutation: You possess an exceptional clarity of mind. [potion of mutation]
  2337 | D:3      | XOM: scenery: 2 doors open
  2463 | D:3      | Noticed Ijyb
  2478 | D:3      | XOM: noise
  2482 | D:3      | Slain by a goblin

Vault maps used:
D:1:      erik_arrival_orb_chamber, hangedman_decor_slide_cut, st_stairs_2
D:2:      first_bread, ecumenical_altar_1, uniq_terence
D:3:      kennysheep_the_goblin_king, elyvilon_altar_4

Action                   |  1- 3 |  4- 6 || total
-------------------------+-------+-------++-------
Melee: Spear             |   119 |    16 ||   135
       Dagger            |       |    27 ||    27
       Flail             |       |    19 ||    19
Throw: Tomahawk          |     6 |     8 ||    14
  Use: Scroll            |     6 |     5 ||    11
       Potion            |     1 |     3 ||     4
 Stab: Confused          |     1 |       ||     1
       Sleeping          |     1 |       ||     1
  Eat: Bread ration      |     1 |       ||     1
       Pizza             |     1 |       ||     1
       Fruit             |       |     2 ||     2
